 Dungeon Crawl Stone Soup version 0.23.0-3-gf3c87f2 (webtiles) character file.

Game seed: 16827595257144673921

96776 zishaf the Earth Mage (level 15, -1/144 HPs)
             Began as a Deep Dwarf Earth Elementalist on Feb 20, 2019.
             Was the Champion of Makhleb.
             Slain by a tyrant leech (24 damage)
             ... on level 2 of the Swamp.
             The game lasted 01:37:03 (27918 turns).

zishaf the Earth Mage (DDEE)                       Turns: 27918, Time: 01:37:03

Health: -1/144     AC: 22    Str: 13    XL:     15   Next: 70%
Magic:  3/17       EV: 20    Int: 26    God:    Makhleb [******]
Gold:   533        SH:  5    Dex: 18    Spells: 5/24 levels left

rFire    . . .     SeeInvis .   a - +1 broad axe (venom)
rCold    + . .     Gourm    .   j - +0 buckler
rNeg     + . .     Faith    .   O - +1 steam dragon scales
rPois    +         Spirit   .   B - +0 helmet "Xytoak" {rF- Int+5 Dex+5}
rElec    .         Reflect  .   G - scarf {rC+ rF+}
rCorr    .         Harm     .   U - +0 pair of gloves
MR       ++...                  N - +1 pair of boots
Stlth    +++.......             X - amulet of magic regeneration
HPRegen  0.00/turn              A - ring of poison resistance
MPRegen  0.40/turn              S - ring of Robustness {AC+8}

@: non-regenerating
A: damage resistance, heal wounds, negative energy resistance 1, sense
surroundings 2, no regeneration
a: Heal Wounds, Minor Destruction, Lesser Servant of Makhleb, Major Destruction,
Greater Servant of Makhleb, Renounce Religion


You were on level 2 of the Swamp.
You worshipped Makhleb.
Makhleb was exalted by your worship.
You were not hungry.

You visited 5 branches of the dungeon, and saw 26 of its levels.
You also visited: Sewer and Gauntlet.

You collected 2208 gold pieces.
You spent 1675 gold pieces at shops.

Inventory:

Hand Weapons
 a - a +1 broad axe of venom (weapon)
 b - the +1 hand crossbow of Accord {flame, Str+3 Int+2}
   (You bought it in a shop on level 15 of the Dungeon)

   It causes projectiles fired from it to burn those they strike, causing extra
   injury to most foes and up to half again as much damage against particularly
   susceptible opponents.
   It affects your strength (+3).
   It affects your intelligence (+2).
Missiles
 u - 130 stones (quivered)
 v - 120 bolts
Armour
 j - a +0 buckler (worn)
 B - the +0 helmet "Xytoak" (worn) {rF- Int+5 Dex+5}
   (You found it on level 4 of the Dungeon)

   It affects your intelligence (+5).
   It affects your dexterity (+5).
   It makes you vulnerable to fire.
 G - a scarf of resistance (worn)
 N - a +1 pair of boots (worn)
 O - +1 steam dragon scales (worn)
 U - a +0 pair of gloves (worn)
Jewellery
 e - an uncursed ring of see invisible
 g - an uncursed ring of protection from cold
 w - the ring "Weheta" {+Fly Int+4 Dex+3}
   (You acquired it on level 2 of the Orcish Mines)

   [ring of flight]

   It affects your intelligence (+4).
   It affects your dexterity (+3).
   It lets you fly.
 A - a ring of poison resistance (left hand)
 P - the ring "Fyintan" {-Tele rElec Int+7 Stlth-}
   (You took it off a minotaur in a Gauntlet)

   [ring of attention]

   It affects your intelligence (+7).
   It insulates you from electricity.
   It prevents most forms of teleportation.
   It makes you less stealthy.
 S - the ring of Robustness (right hand) {AC+8}
   (You found it on level 9 of the Dungeon)

   [ring of protection]

   It affects your AC (+8).
 X - an amulet of magic regeneration (around neck)
 Z - an uncursed ring of wizardry
Wands
 H - a wand of scattershot (5)
 J - a wand of paralysis (13)
 L - a wand of iceblast (11)
 T - a wand of clouds (8)
 V - a wand of enslavement (8)
Scrolls
 h - 3 scrolls of fear
 l - 12 scrolls of teleportation
 m - 6 scrolls of blinking
 n - a scroll of enchant armour
 r - 6 scrolls of identify
 M - a scroll of fog
 Q - 2 scrolls of torment
 W - 3 scrolls of remove curse
 Y - a scroll of immolation
Potions
 c - 3 potions of mutation
 f - 2 potions of invisibility
 i - 6 potions of haste
 k - 3 potions of might
 o - 5 potions of lignification
 p - 17 potions of curing
 q - a potion of magic {unknown}
 s - 6 potions of brilliance
 t - a potion of cancellation
 z - 6 potions of agility
 C - 3 potions of heal wounds
 D - 8 potions of flight
 E - 4 potions of berserk rage
 F - 3 potions of resistance
Miscellaneous
 y - a phantom mirror
 I - a lightning rod (4/4)
 K - a fan of gales
 R - a box of beasts
Comestibles
 d - 33 rations


   Skills:
 + Level 11.6 Fighting
 + Level 2.2 Axes
 + Level 13.7 Armour
 - Level 10.0 Dodging
 - Level 4.0 Stealth
 - Level 4.0 Shields
 - Level 5.0 Spellcasting
 + Level 6.3 Necromancy
 - Level 4.0 Translocations
 - Level 3.0 Transmutations
 + Level 16.5 Earth Magic
 + Level 13.8 Invocations
 - Level 5.0 Evocations


You had 5 spell levels left.
You knew the following spells:

 Your Spells              Type           Power        Failure   Level  Hunger
a - Sandblast             Erth           ######       0%          1    None
b - Shroud of Golubria    Chrm/Tloc      ###.......   4%          2    None
c - Vampiric Draining     Necr           #####.....   1%          3    #......
d - Lee's Rapid Deconstr  Erth           #######...   1%          5    #####..
e - Petrify               Tmut/Erth      ######..     1%          4    ###....
f - Animate Dead          Necr           N/A          5%          4    ###....

Your spell library contained the following spells:

 Spells                   Type           Power        Failure   Level  Hunger
 Animate Skeleton         Necr           N/A          1%          1    None
 Pain                     Necr           ####         1%          1    None
 Passwall                 Tmut/Erth      ######..     1%          2    None
 Stone Arrow              Conj/Erth      #####.       1%          3    #......
 Beastly Appendage        Tmut           ###...       2%          1    None
 Sticks to Snakes         Tmut           ###.....     3%          2    None
 Corona                   Hex            #......      8%          1    None
 Freeze                   Ice            #...         8%          1    None
 Infusion                 Chrm           #...         8%          1    None
 Sting                    Conj/Pois      #...         8%          1    None
 Ensorcelled Hibernation  Hex/Ice        #.....       12%         2    None
 Poisonous Vapours        Pois/Air       #.....       12%         2    None
 Song of Slaying          Chrm           #.......     12%         2    None
 Swiftness                Chrm/Air       #.......     12%         2    None
 Throw Frost              Conj/Ice       #.....       12%         2    None
 Spider Form              Tmut/Pois      ##........   12%         3    #......
 Passage of Golubria      Tloc           N/A          14%         4    ###....
 Confuse                  Hex            #.......     22%         3    #......
 Dazzling Spray           Conj/Hex       #.....       22%         3    #......
 Mephitic Cloud           Conj/Pois/Air  #.......     22%         3    #......
 Ozocubu's Armour         Chrm/Ice       #.......     22%         3    #......
 Spectral Weapon          Hex/Chrm       #.......     22%         3    #......
 Tukima's Dance           Hex            #.......     22%         3    #......
 Ice Form                 Ice/Tmut       ##......     38%         4    ###....
 Blade Hands              Tmut           ###.......   52%         5    #####..
 Olgreb's Toxic Radiance  Pois           #.......     58%         4    ###....
 Summon Ice Beast         Ice/Summ       #.......     58%         4    ###....
 Throw Icicle             Conj/Ice       #.......     58%         4    ###....
 Venom Bolt               Conj/Pois      #.........   91%         5    #####..
 Darkness                 Hex            #.........   100%        6    ######.
 Invisibility             Hex            #.......     100%        6    ######.
 Regeneration             Chrm/Necr      Unusable     N/A         3    N/A

Dungeon Overview and Level Annotations

Branches:
Dungeon (15/15)            Temple (1/1) D:5            Lair (6/6) D:9
  Swamp (2/4) Lair:3        Snake (0/4) Lair:2        Slime (0/5) Lair:5
    Orc (2/2) D:12            Elf (0/3) Orc:2        Vaults (0/5) D:14
 Depths (0/5) D:15

Altars:
Ashenzari
Cheibriados
Dithmenos
Elyvilon
Fedhas
Gozag
Hepliaklqana
Kikubaaqudgha
Makhleb
Nemelex Xobeh
Okawaru
Qazlal
Ru
Sif Muna
Trog
Vehumet
Wu Jian
Yredelemnul
Zin
The Shining One
Beogh

Shops:
D:15 (   Orc:2 }?!?


Innate Abilities, Weirdness & Mutations

You are resistant to damage.
You can heal yourself by infusing magical energy.
You resist negative energy. (rN+)
You passively map the area around you.
You do not regenerate.


Message History

The spiny frog is moderately wounded.
You closely miss the tyrant leech. The tyrant leech barely misses you.
You block the spiny frog's attack. The tyrant leech misses you.
You barely miss the spiny frog.
The spiny frog is heavily wounded.
You slash the tyrant leech!
The tyrant leech is poisoned.
The spiny frog closely misses you. You block the spiny frog's attack.
The tyrant leech bites you!!
* * * LOW HITPOINT WARNING * * *
The tyrant leech draws strength from your injuries!
You slash the spiny frog!
The spiny frog is severely wounded.
You barely miss the tyrant leech. The spiny frog stings you!
* * * LOW HITPOINT WARNING * * *
The spiny frog completely misses you. The tyrant leech barely misses you.
You slash the spiny frog!
You kill the spiny frog!
Makhleb accepts your kill.
You feel better.
You barely miss the tyrant leech. The tyrant leech bites you!!
You die...

* ≈ ≈ *≈ * ≈
*♣♣♣♣*♣♣ ≈ ≈ ♣♣
≈.§♣..≈ ≈
♣≈♣♣.≈..≈≈≈ ,
♣≈.≈..≈≈≈≈≈ ≈,
≈ ≈ ♣..@..≈≈≈≈≈
, ,
...≈..≈w≈≈.....
, , *
≈≈≈.≈.≈≈≈≈.♣♣♣♣
, ,
≈≈≈≈≈..≈≈.≈♣ *
,, ≈
≈≈≈≈≈.....♣♣ *
* , .≈≈≈≈≈..♣♣♣
..≈≈≈≈≈.♣ * *
*, ..≈.....♣ ,
< * ≈≈, ≈ , , ≈


You could see a tyrant leech.

Vanquished Creatures
  Louise (D:15)
  3 dire elephants
  A minotaur (Gauntlet)
  Josephine (D:10)
  Fannar (D:10)
  A vault guard (D:14)
  9 hydras
  An anaconda (Lair:6)
  A shambling mangrove (Swamp:1)
  2 centaur warriors (D:14)
  2 catoblepae
  An alligator (Swamp:2)
  3 two-headed ogres
  3 death yaks (Lair:5)
  A queen ant (Gauntlet)
  3 orc high priests (Orc:2)
  Nergalle (D:10)
  A fire crab (Lair:6)
  2 unseen horrors
  A glowing orange brain (D:15)
  A swamp dragon (Swamp:1)
  2 wizards
  3 orc sorcerers (Orc:2)
  A harpy (shapeshifter) (D:15)
  2 deep elf magi
  2 necromancers (D:14)
  4 orc knights
  5 cyclopes
  4 manticores
  9 ugly things
  3 oklob plants (Lair:5)
  A water nymph (shapeshifter) (D:15)
  2 black mambas
  6 centaur zombies
  10 elephants (Lair:6)
  16 spiny frogs
  A kobold demonologist (D:12)
  A rime drake (Lair:1)
  4 komodo dragons
  A redback zombie (D:13)
  A queen bee (shapeshifter) (D:15)
  A queen bee (D:10)
  A polar bear (Lair:2)
  A merfolk (shapeshifter) (D:15)
  11 trolls
  2 bog bodies (Swamp:1)
  5 hornets (Swamp:1)
  4 tyrant leeches
  Prince Ribbit (D:5)
  4 blink frogs (Lair:3)
  22 slime creatures
  9 hippogriffs
  A hippogriff (shapeshifter) (D:14)
  4 shadows
  4 spriggans (Swamp:1)
  4 wraiths
  3 wyverns
  A water elemental (D:15)
  A vampire (D:13)
  21 humans (D:14)
  5 basilisks
  18 yaks
  4 steam dragons
  A hungry ghost (D:15)
  2 vampire mosquitoes (Swamp:1)
  Grum (D:10)
  3 swamp worms (Swamp:1)
  2 nagas (Lair:2)
  2 wargs (Orc:1)
  2 soldier ants (Gauntlet)
  18 water moccasins
  7 porcupines
  A swamp drake (Swamp:1)
  2 sky beasts
  An eye of draining (D:8)
  3 ice beasts
  31 orc warriors
  A necrophage (D:8)
  3 black bears
  2 phantoms
  9 ogres
  6 centaurs
  14 wolves
  12 crocodiles
  12 big kobolds
  18 bullfrogs
  A wyvern skeleton (D:13)
  7 scorpions
  19 killer bees
  An electric eel (Lair:2)
  5 wights
  5 howler monkeys
  A bullfrog zombie (D:11)
  3 crimson imps
  A quasit (D:10)
  6 jellies
  3 bullfrog skeletons
  A gnoll shaman (D:6)
  26 orc priests
  2 centaur skeletons
  4 hounds
  14 orc wizards
  Terence (D:2)
  4 iguanas
  10 worker ants
  A hound zombie (D:5)
  A hound skeleton (D:4)
  2 worker ant zombies
  Robin (D:3)
  13 gnolls
  12 adders
  8 river rats (Sewer)
  5 shadow imps
  An ooze (D:4)
  An adder skeleton (D:7)
  3 adder zombies
  5 worms
  A dart slug (D:2)
  4 leopard geckos
  82 orcs
  7 ball pythons
  5 giant cockroaches
  24 goblins
  13 hobgoblins
  18 jackals
  53 kobolds
  3 quokkas (D:3)
  16 bats
  7 frilled lizards
  A quokka skeleton (D:9)
  32 rats
  5 plants (Lair:6)
836 creatures vanquished.

Vanquished Creatures (collateral kills)
  2 orc warlords (Orc:2)
  3 dire elephants (Lair:6)
  The ghost of berto the Blocker, a journeyman MiFi of Qazlal (D:11)
  An orc high priest (Orc:2)
  An orc knight (Orc:2)
  An orc sorcerer (Orc:2)
  A cyclops (D:14)
  3 trolls (Orc:2)
  2 polar bears
  3 hornets
  2 blink frogs (Lair:6)
  A shadow (Gauntlet)
  A yak (Lair:1)
  4 spriggans (D:11)
  2 wargs (Orc:2)
  2 soldier ants (Gauntlet)
  4 orc warriors (Orc:2)
  A wolf (D:11)
  An ogre (Orc:2)
  2 orc priests (Orc:2)
  3 orc wizards
  19 orcs
  A fungus (Lair:6)
61 creatures vanquished.

Vanquished Creatures (others)
  A kobold demonologist (D:12)
  A blink frog (Lair:6)
  9 fungi
  10 plants
21 creatures vanquished.

Grand Total: 918 creatures vanquished

Notes
Turn   | Place    | Note
-------+----------+-------------------------------------------
     0 | D:1      | zishaf the Deep Dwarf Earth Elementalist began the quest
                  | for the Orb.
     0 | D:1      | Reached XP level 1. HP: 15/15 MP: 3/3
    86 | D:1      | Reached XP level 2. HP: 22/22 MP: 3/5
   503 | D:1      | Reached XP level 3. HP: 24/28 MP: 6/6
  1002 | D:1      | Reached skill level 1 in Armour
  1041 | D:2      | Noticed Terence
  1136 | D:2      | Found a shattered altar of Ashenzari.
  1387 | D:2      | Killed Terence
  1387 | D:2      | Reached skill level 1 in Shields
  1387 | D:2      | Reached XP level 4. HP: 19/36 MP: 0/7
  1755 | D:2      | Found a basalt altar of Yredelemnul.
  1966 | D:2      | Reached XP level 5. HP: 42/42 MP: 7/7
  2412 | D:2      | Found a white marble altar of Elyvilon.
  2471 | D:3      | Reached skill level 5 in Earth Magic
  2664 | D:3      | Learned a level 5 spell: Lee's Rapid Deconstruction
  2892 | D:3      | Reached XP level 6. HP: 31/49 MP: 8/8
  2946 | D:3      | Noticed Robin
  2986 | D:3      | Killed Robin
  3115 | D:3      | Found a sparkling altar of Nemelex Xobeh.
  3217 | D:3      | Found a radiant altar of Vehumet.
  3288 | D:3      | Found a stormy altar of Qazlal.
  3552 | D:4      | Found a hazy altar of Hepliaklqana.
  3689 | D:4      | Found a glowing drain.
  3703 | Sewer    | Entered a sewer
  3985 | Sewer    | Reached skill level 6 in Earth Magic
  4022 | Sewer    | Reached skill level 1 in Fighting
  4096 | Sewer    | Reached XP level 7. HP: 38/57 MP: 4/9
  4509 | D:4      | Got a polished helmet
  4520 | D:4      | Identified the cursed +0 helmet "Xytoak" {rF- Int+5 Dex+5}
                  | (You found it on level 4 of the Dungeon)
  4868 | D:5      | Entered Level 5 of the Dungeon
  4912 | D:5      | Found a staircase to the Ecumenical Temple.
  4948 | Temple   | Entered the Ecumenical Temple
  4987 | Temple   | Became a worshipper of Makhleb the Destroyer
  5042 | D:5      | Noticed Prince Ribbit
  5064 | D:5      | Killed Prince Ribbit
  5064 | D:5      | Reached skill level 7 in Earth Magic
  5064 | D:5      | Reached XP level 8. HP: 39/68 MP: 4/11
  5488 | D:5      | Reached skill level 5 in Armour
  5585 | D:6      | Reached skill level 8 in Earth Magic
  5658 | D:6      | Found a snail-covered altar of Cheibriados.
  5761 | D:6      | Learned a level 4 spell: Petrify
  5770 | D:6      | Reached skill level 1 in Transmutations
  5817 | D:6      | Found a deep blue altar of Sif Muna.
  5849 | D:6      | Found a sacrificial altar of Ru.
  5879 | D:6      | Reached * piety under Makhleb
  6291 | D:7      | Found an opulent altar of Gozag.
  6518 | D:7      | Gained mutation: You passively map the area around you.
                  | [Deep Dwarf growth]
  6518 | D:7      | Reached XP level 9. HP: 60/79 MP: 9/12
  6556 | D:7      | Reached skill level 9 in Earth Magic
  7006 | D:8      | Reached skill level 5 in Fighting
  7343 | D:8      | Reached ** piety under Makhleb
  7628 | D:9      | Reached skill level 10 in Earth Magic
  7852 | D:9      | Found the ring of Robustness {AC+8}
  7863 | D:9      | Reached skill level 1 in Invocations
  7863 | D:9      | Reached skill level 1 in Evocations
  7874 | D:9      | Reached XP level 10. HP: 91/91 MP: 6/13
  7880 | D:9      | Found an ancient bone altar of Kikubaaqudgha.
  8053 | D:9      | Found a glowing golden altar of the Shining One.
  8115 | D:9      | Found a staircase to the Lair.
  8267 | D:10     | Entered Level 10 of the Dungeon
  8330 | D:10     | Learned a level 2 spell: Shroud of Golubria
  8346 | D:10     | Noticed Grum
  8354 | D:10     | Killed Grum
  8355 | D:10     | Reached skill level 1 in Translocations
  8420 | D:10     | Noticed Josephine
  8432 | D:10     | Killed Josephine
  8457 | D:10     | Reached skill level 11 in Earth Magic
  8597 | D:10     | Reached *** piety under Makhleb
  8659 | D:10     | Noticed Nergalle
  8660 | D:10     | Noticed Fannar
  8684 | D:10     | Killed Nergalle
  8718 | D:10     | Found a sacrificial altar of Ru.
  9167 | D:10     | Reached skill level 5 in Invocations
  9167 | D:10     | Reached skill level 5 in Evocations
  9286 | D:10     | Reached XP level 11. HP: 100/100 MP: 10/14
  9439 | D:10     | Killed Fannar
  9871 | Lair:1   | Entered Level 1 of the Lair of Beasts
  9969 | Lair:1   | Reached **** piety under Makhleb
 10104 | Lair:1   | Noticed a six-headed hydra
 10119 | Lair:1   | Killed a six-headed hydra
 10119 | Lair:1   | Reached skill level 12 in Earth Magic
 10131 | Lair:1   | Found a blossoming altar of Fedhas.
 10815 | Lair:2   | Reached skill level 10 in Armour
 11218 | Lair:2   | Found a staircase to the Snake Pit.
 11764 | Lair:3   | Reached XP level 12. HP: 98/112 MP: 9/17
 11861 | Lair:3   | Found a staircase to the Swamp.
 12170 | Lair:3   | Reached ***** piety under Makhleb
 12172 | Lair:3   | Reached skill level 13 in Earth Magic
 12921 | Lair:4   | Found a gate leading to a gauntlet.
 12930 | Gauntlet | Entered a Gauntlet
 12930 | Gauntlet | Found a transporter.
 12930 | Gauntlet | Found a transporter.
 12938 | Gauntlet | Found a transporter.
 12942 | Gauntlet | Found a transporter.
 12956 | Gauntlet | Found a transporter.
 12957 | Gauntlet | Found a transporter.
 12961 | Gauntlet | Found a runed translucent door.
 12961 | Gauntlet | Found a runed translucent door.
 12965 | Gauntlet | Found a transporter.
 12965 | Gauntlet | Noticed a hell hog
 12981 | Gauntlet | Found a transporter.
 12984 | Gauntlet | Noticed a reaper
 12995 | Gauntlet | Found a transporter.
 12999 | Gauntlet | Found a transporter.
 13013 | Gauntlet | Found a transporter.
 13014 | Gauntlet | Found a transporter.
 13017 | Gauntlet | Noticed a queen ant
 13074 | Gauntlet | Killed a queen ant
 13199 | Gauntlet | Reached skill level 5 in Dodging
 13306 | Gauntlet | Identified the ring "Fyintan" {-Tele rElec Int+7 Stlth-}
 13306 | Gauntlet | Noticed a minotaur
 13331 | Gauntlet | Killed a minotaur
 13486 | Lair:4   | Noticed a catoblepas
 13506 | Lair:4   | Killed a catoblepas
 13635 | Lair:4   | Noticed a five-headed hydra
 13667 | Lair:4   | Noticed a six-headed hydra
 13700 | Lair:4   | Killed a six-headed hydra
 14635 | Lair:5   | Noticed a six-headed hydra
 14635 | Lair:5   | Noticed a six-headed hydra
 14645 | Lair:5   | Killed a six-headed hydra
 14645 | Lair:5   | Reached skill level 10 in Invocations
 14650 | Lair:5   | Killed a six-headed hydra
 14671 | Lair:5   | Noticed a death yak
 14671 | Lair:5   | Noticed a death yak
 14674 | Lair:5   | Noticed a death yak
 14679 | Lair:5   | Killed a death yak
 14683 | Lair:5   | Killed a death yak
 14686 | Lair:5   | Killed a death yak
 14686 | Lair:5   | Reached XP level 13. HP: 121/121 MP: 4/18
 14704 | Lair:5   | Reached skill level 14 in Earth Magic
 14855 | Lair:5   | Found a staircase to the Slime Pits.
 15488 | Lair:6   | Entered Level 6 of the Lair of Beasts
 15762 | Lair:6   | Found a bloodstained altar of Trog.
 16273 | Lair:6   | Reached skill level 10 in Fighting
 16824 | Lair:6   | Noticed a dire elephant
 16854 | Lair:6   | Killed a dire elephant
 16889 | Lair:6   | Noticed a dire elephant
 16889 | Lair:6   | Noticed a dire elephant
 16908 | Lair:6   | Noticed a dire elephant
 16923 | Lair:6   | Noticed a dire elephant
 17106 | Lair:5   | Killed a dire elephant
 17155 | Lair:6   | Killed a dire elephant
 17274 | Lair:6   | Noticed a dire elephant
 17286 | Lair:6   | Killed a dire elephant
 17335 | Lair:6   | Killed a dire elephant
 17693 | Lair:6   | Killed a dire elephant
 18099 | D:11     | Found a runed translucent door.
 18099 | D:11     | Noticed berto's ghost (journeyman MiFi)
 18101 | D:11     | Identified the cursed +2 trident of Unreason {venom, Str+2}
 18199 | D:11     | Reached skill level 15 in Earth Magic
 18456 | D:11     | Gained mutation: You resist negative energy. (rN+) [Deep
                  | Dwarf growth]
 18456 | D:11     | Reached XP level 14. HP: 79/133 MP: 19/19
 19034 | D:12     | Found a staircase to the Orcish Mines.
 19290 | D:13     | Learned a level 3 spell: Vampiric Draining
 19716 | D:13     | Reached skill level 1 in Necromancy
 20845 | D:14     | Learned a level 4 spell: Animate Dead
 21260 | D:14     | Found a gate to the Vaults.
 21297 | D:14     | Identified a scroll of acquirement
 22198 | D:14     | Found a deep blue altar of Sif Muna.
 22283 | D:15     | Entered Level 15 of the Dungeon
 22283 | D:15     | Noticed Louise
 22288 | D:15     | Killed Louise
 22875 | D:15     | Reached XP level 15. HP: 133/141 MP: 0/21
 22971 | D:15     | Reached skill level 10 in Dodging
 23058 | D:15     | Found a staircase to the Depths.
 23150 | D:15     | Found Bana's Antique Weapon Shop.
 23167 | D:15     | Bought an ancient hand crossbow for 187 gold pieces
 23167 | D:15     | Identified the cursed +1 hand crossbow of Accord {flame,
                  | Str+3 Int+2} (You bought it in a shop on level 15 of the
                  | Dungeon)
 23928 | D:11     | Killed berto's ghost
 23928 | D:11     | Reached skill level 16 in Earth Magic
 24024 | Orc:1    | Entered Level 1 of the Orcish Mines
 24104 | Orc:2    | Entered Level 2 of the Orcish Mines
 24434 | Orc:2    | Noticed an orc warlord
 24450 | Orc:2    | Killed an orc warlord
 24723 | Orc:2    | Found Soiv's Gadget Boutique.
 24735 | Orc:2    | Reached skill level 5 in Necromancy
 24831 | Orc:2    | Noticed an orc warlord
 24879 | Orc:2    | Killed an orc warlord
 25227 | Orc:2    | Found a roughly hewn altar of Beogh.
 25297 | Orc:2    | Reached ****** piety under Makhleb
 25308 | Orc:2    | Found Dezu's Magic Scroll Shop.
 25433 | Orc:2    | Got a warped glass ring
 25435 | Orc:2    | Identified the ring of Xom's Approval {+Inv rC+ Str+2
                  | Int-4} (You found it on level 2 of the Orcish Mines)
 25534 | Orc:2    | Found a staircase to the Elven Halls.
 25782 | Orc:2    | Found a roughly hewn altar of Beogh.
 25881 | Orc:2    | Found Xyunilea's Magic Scroll Emporium.
 25924 | Orc:2    | Found Peso's Distillery.
 25956 | Orc:2    | Bought a potion of heal wounds for 60 gold pieces
 25956 | Orc:2    | Bought 2 potions of curing for 72 gold pieces
 26215 | Orc:2    | Bought a scroll of brand weapon for 260 gold pieces
 26215 | Orc:2    | Bought a scroll of acquirement for 676 gold pieces
 26249 | Orc:2    | Bought a phantom mirror for 420 gold pieces
 26251 | Orc:2    | Got a sparkling golden ring
 26252 | Orc:2    | Identified the ring "Weheta" {+Fly Int+4 Dex+3} (You
                  | acquired it on level 2 of the Orcish Mines)
 26543 | Orc:1    | Reached skill level 5 in Spellcasting
 26945 | Swamp:1  | Entered Level 1 of the Swamp
 27181 | Swamp:1  | HP: 7/142 [shambling mangrove (7)]
 27195 | Swamp:1  | Reached skill level 1 in Axes
 27556 | Swamp:1  | HP: 3/142 [spriggan rider/+0 spear (11)]
 27569 | Swamp:1  | HP: 3/142 [swamp worm/harpoon shot (11)]
 27604 | Swamp:1  | HP: 7/142 [spriggan rider/+0 spear (17)]
 27604 | Swamp:1  | HP: 3/142 [spriggan rider/+0 spear (4)]
 27918 | Swamp:2  | Slain by a tyrant leech

Skill      XL: |  1  2  3  4  5  6  7  8  9 10 11 12 13 14 15 |
---------------+----------------------------------------------+-----
Spellcasting   | 2 3 4 5 |  5.0
Stealth        | 3 4 |  4.0
Armour         | 1 2 3 4 6 8 9 10 11 12 13 | 13.7
Dodging        | 3 4 6 8 9 10 | 10.0
Shields        | 1 2 3 4 |  4.0
Earth Magic    | 5 6 7 8 10 11 12 13 15 16 | 16.5
Fighting       | 1 2 4 6 7 8 9 10 11 | 11.6
Transmutations | 2 3 |  3.0
Invocations    | 1 5 8 10 11 13 | 13.8
Evocations     | 1 5 |  5.0
Translocations | 3 4 |  4.0
Necromancy     | 4 6 |  6.3
Axes           | 2 |  2.2

Action                   |  1- 3 |  4- 6 |  7- 9 | 10-12 | 13-15 || total
-------------------------+-------+-------+-------+-------+-------++-------
Melee: Dagger            |    65 |   264 |    23 |   162 |  1512 ||  2026
       Broad axe         |       |       |       |       |   167 ||   167
 Fire: Hunting sling     |       |   117 |   169 |   201 |   112 ||   599
       Hand crossbow     |       |       |       |       |    11 ||    11
Throw: Stone             |       |       |       |       |     2 ||     2
 Cast: Sandblast         |    32 |    61 |   139 |   327 |   144 ||   703
       Lee's Rapid Decon |       |       |       |    18 |    78 ||    96
       Shroud of Golubri |       |       |       |     1 |     2 ||     3
       Vampiric Draining |       |       |       |       |   229 ||   229
Invok: Minor Destruction |       |       |       |     1 |       ||     1
       Lesser Servant of |       |       |       |     8 |    23 ||    31
       Greater Servant o |       |       |       |       |     3 ||     3
 Abil: Heal Wounds       |       |     2 |       |     8 |    19 ||    29
       Evoke Flight      |       |       |       |       |     2 ||     2
Evoke: Box of beasts     |       |       |       |     3 |       ||     3
       Wand              |       |       |       |       |    16 ||    16
  Use: Scroll            |       |     9 |     4 |     8 |    15 ||    36
       Potion            |       |       |       |       |     5 ||     5
 Stab: Sleeping          |     8 |     4 |       |     1 |    10 ||    23
       Distracted        |       |       |       |     1 |     9 ||    10
       Paralysed         |       |       |       |       |     4 ||     4
       Petrified         |       |       |       |       |     3 ||     3
  Eat: Chunk             |     2 |    28 |    12 |    24 |    46 ||   112
       Ration            |       |       |       |       |     8 ||     8
Armor: Robe              |     3 |       |       |       |       ||     3
       Ring mail         |    11 |    83 |       |       |       ||    94
       Leather armour    |       |    15 |     9 |       |       ||    24
       Steam dragon scal |       |       |     5 |   177 |   722 ||   904
Dodge: Dodged            |    46 |   141 |    50 |   238 |  1693 ||  2168
Block: Buckler           |     8 |    76 |    16 |    99 |   541 ||   740
